 Dungeon Crawl Stone Soup version 0.30-b1-2-g02819fbbbe (webtiles) character file.

Game seed: 17094802365226316273

117 seren the Covered (level 4, 0/40 HPs)
             Began as an Armataur Fighter on Jan 4, 2024.
             Splashed by a jelly's acid (1 damage)
             ... on level 4 of the Dungeon.
             The game lasted 00:03:55 (2202 turns).

seren the Covered (Armataur Fighter)                Turns: 2202, Time: 00:03:55

Health: 0/40       AC:  0    Str: 24    XL:     4   Next: 71%
Magic:  0/13       EV:  7    Int:  8    God:
Gold:   187        SH:  4    Dex:  9    Spells: 3/3 levels left

rFire   . . .        u - +1 mace (protect)
rCold   . . .        c - +0 buckler
rNeg    . . .        b - +0 scale mail
rPois   .            k - +0 helmet
rElec   .            (no cloak)
rCorr   .            (no gloves)
SInv    .            (no barding)
Will    .....        p - amulet of guardian spirit Stlth
                     h - ring of magical power
HPRegen 0.26/turn    (no ring)
MPRegen 0.13/turn

%: guardian spirit, roll
@: mighty, corroded, under a protective aura
A: large, rugged brown scales 3, deformed body, armoured tail, roll, long
tongue, awkward tongue
a: no special abilities


You were on level 4 of the Dungeon.
You visited 1 branch of the dungeon, and saw 4 of its levels.

You collected 187 gold pieces.

Inventory:

Hand Weapons
 a - a +0 flail
 l - the +0 whip "Huklur" {freeze, *Corrode rN+ Str+4 Dex+6}
   (You found it on level 2 of the Dungeon)

   Str:       It affects your strength (+4).
   Dex:       It affects your dexterity (+6).
   rN:        It protects you from negative energy.
   *Corrode:  It may corrode you when you take damage.
 u - a +1 mace of protection (weapon)
Armour
 b - a +0 scale mail (worn)
 c - a +0 buckler (worn)
 k - a +0 helmet (worn)
Jewellery
 h - a ring of magical power (left hand)
 p - an amulet of guardian spirit (around neck)
Scrolls
 j - 3 scrolls of identify {unknown}
 o - a scroll of teleportation {unknown}
 r - a scroll of amnesia {unknown}
 s - a scroll of poison {unknown}
 t - a scroll of enchant armour {unknown}
Potions
 e - 5 potions of degeneration {unknown}
 f - 2 potions of curing {unknown}
 g - a potion of flight {unknown}
 i - a potion of attraction {unknown}
 m - a potion of berserk rage {unknown}
 n - 3 potions of haste {unknown}
 q - a potion of ambrosia {unknown}


   Skills:
 + Level 3.4 Fighting
 + Level 2.7 Maces & Flails
 + Level 4.5 Armour
 + Level 4.1 Shields


You had 3 spell levels left.
You didn't know any spells.
Your spell library contained the following spells:

 Spells                   Type           Power      Damage    Failure   Level
 Summon Small Mammal      Summ           0%         N/A       77%         1
 Call Canine Familiar     Summ           0%         N/A       98%         3
 Frozen Ramparts          Ice            0%         1d1       98%         3
 Summon Guardian Golem    Hex/Summ       0%         N/A       98%         3
 Ice Form                 Ice/Tmut       0%         N/A       100%        4
 Summon Ice Beast         Ice/Summ       0%         N/A       100%        4


Dungeon Overview and Level Annotations

Branches:
Dungeon (4/15)
 Temple: D:4-7

Altars:
Wu Jian


Innate Abilities, Weirdness & Mutations

You are completely covered in rugged brown scales. (AC +3, +7% HP)
Armour fits poorly on your strangely shaped body.
You have a long armoured tail.
You roll when moving toward enemies. (Rampage)
Your long tongue fully drains potion bottles. (2x potion effects)
Your tongue gives you trouble enunciating. (1.5x scroll delay)


Message History

The jelly barely misses you.
You hit the jelly but do no damage.
Your hands burn!
The jelly is moderately wounded.
The jelly barely misses you.
You hit the jelly but do no damage.
Your hands burn!
The jelly is moderately wounded.
The jelly hits you but does no damage. The jelly hits you.
The acid corrodes you!
You are splashed with acid.
You barely miss the jelly.
The jelly is moderately wounded.
You block the jelly's attack.
You hit the jelly.
Your hands burn!
The jelly is moderately wounded.
The jelly closely misses you.
You hit the jelly but do no damage.
Your hands burn!
The jelly is moderately wounded.
The jelly hits you but does no damage. x2
You hit the jelly. The acid corrodes you!
Your hands burn!
The jelly is heavily wounded.
The jelly hits you. The acid corrodes you!
You are splashed with acid!
You hit the jelly. The acid corrodes you!
Your hands burn!
* * * LOW HITPOINT WARNING * * *
You tail-slap the jelly, but do no damage.
The jelly is severely wounded.
The jelly hits you.
* * * LOW HITPOINT WARNING * * *
You are splashed with acid.
* * * LOW HITPOINT WARNING * * *
You feel very mighty all of a sudden.
You slurp down every last drop of the potion of might!
The jelly closely misses you.
You hit the jelly.
Your hands burn!
You tail-slap the jelly, but do no damage.
The jelly is severely wounded.
The jelly hits you.
* * * LOW HITPOINT WARNING * * *
You are splashed with acid!
* * * LOW HITPOINT WARNING * * *
You hit the jelly but do no damage.
Your hands burn!
You die...

#..<## ##...# #[....#..#
#....# #........# ###...##
#........## ##. .#....#
#.........###....
...##..###......?.........
..####.#.................#
.## ##....# #..J........#.
†####....# #..@..........
........## ##............
....#....# ###....#......#
.........###.............##
##...........####..........
##........## ##..##......
#.......## #...# .....
#.##.....# #..## .#..
+........## ##..# # .


You could see a jelly.

Vanquished Creatures
  3 gnolls (D:2)
  4 adders
  A worm (D:2)
  3 orcs (D:4)
  6 bats
  3 endoplasms (D:2)
  3 giant cockroaches
  3 goblins
  3 hobgoblins
  3 kobolds
  3 quokkas
  4 ball pythons
  5 frilled lizards
  5 rats
49 creatures vanquished.

Notes
Turn   | Place    | Note
-------+----------+-------------------------------------------
     0 | D:1      | seren the Armataur Fighter began the quest for the Orb.
     0 | D:1      | Reached XP level 1. HP: 19/19 MP: 1/1
     0 | D:1      | Noticed a felid
     4 | D:1      | Noticed a merfolk zombie
     4 | D:1      | Noticed a minotaur skeleton
     6 | D:1      | Noticed a dwarf
     9 | D:1      | Noticed an octopode
    11 | D:1      | Noticed a naga
    17 | D:1      | Noticed a merfolk
    17 | D:1      | Noticed a felid
    19 | D:1      | Noticed a human
   110 | D:1      | You fall into a shaft and drop 1 floor!
   230 | D:1      | Reached XP level 2. HP: 25/26 MP: 2/2
   911 | D:2      | Reached XP level 3. HP: 33/33 MP: 3/3
  1055 | D:2      | Identified the +0 whip "Huklur" {freeze, *Corrode rN+ Str+4
                  | Dex+6}
  1351 | D:2      | Reached XP level 4. HP: 25/40 MP: 4/4
  1630 | D:3      | Found an ornate altar of the Wu Jian Council.
  2201 | D:4      | HP: 1/40 [acid (5)]
  2202 | D:4      | Splashed by a jelly's acid

Illustrated notes

Levels and vault maps discovered:
D:1:      shiori_arrival_whats_in_store_for_you, layout_basic
D:2:      layout_loops_cross, kennysheep_boxes
D:3:      layout_rooms, overflow_temple_1_default, chequers_avenue
D:4:      nicolae_BIG_FREAKIN_CUBE, layout_layer_cave,
          nicolae_vehumet_altar_sigil, kennysheep_generic_room_5, uniq_duvessa

Skill      XL: |  1  2  3  4 |
---------------+-------------+-----
Maces & Flails | 2 |  2.7
Fighting       | 3 |  3.4
Armour         | 4 |  4.5
Shields        | 4 |  4.1

Action                     |  1- 3 |  4- 6 || total
---------------------------+-------+-------++-------
  Melee: Flail             |    85 |    33 ||   118
         Tailslap          |     6 |     7 ||    13
         Mace              |       |    30 ||    30
    Use: Potion            |     1 |     1 ||     2
 Armour: Scale mail        |    44 |    39 ||    83
  Dodge: Dodged            |    28 |    18 ||    46
  Block: Buckler           |    11 |     8 ||    19
